 Dungeon Crawl Stone Soup version 0.28.0 (webtiles) character file.

Game seed: 9001557904524589349

42 Morbidden the Skirmisher (level 3, 15/29 HPs)
             Began as a Demonspawn Fighter on Feb 7, 2022.
             Quit the game on level 2 of the Dungeon.
             The game lasted 00:01:35 (824 turns).

Morbidden the Skirmisher (Demonspawn Fighter)        Turns: 824, Time: 00:01:36

Health: 15/29      AC:  7    Str: 16    XL:     3   Next: 35%
Magic:  3/3        EV:  9    Int:  9    God:
Gold:   49         SH:  4    Dex: 14    Spells: 2/2 levels left

rFire   . . .      SeeInvis .   a - +0 long sword
rCold   . . .      Faith    .   c - +0 buckler
rNeg    . . .      Spirit   .   b - +0 scale mail
rPois   .          Reflect  .   (no helmet)
rElec   .          Harm     .   e - +0 cloak
rCorr   .          Rampage  .   (no gloves)
Will    .....                   (no boots)
Stlth   ..........              (no amulet)
HPRegen 0.09/turn               (no ring)
MPRegen 0.08/turn               (no ring)

@: no status effects
A: demonic guardian 1, foul stench 1
a: no special abilities


You were on level 2 of the Dungeon.
You visited 1 branch of the dungeon, and saw 2 of its levels.

You collected 49 gold pieces.

Inventory:

Hand Weapons
 a - a +0 long sword (weapon)
Armour
 b - a +0 scale mail (worn)
 c - a +0 buckler (worn)
 e - a +0 cloak (worn)
Scrolls
 f - a scroll of noise {unknown}
 h - a scroll of fog {unknown}
 j - a scroll of identify {unknown}
Potions
 d - a potion of might
 g - a potion of invisibility {unknown}
 i - 2 potions of cancellation {unknown}


   Skills:
 * Level 3.6 Fighting
 * Level 2.2 Long Blades
 + Level 2.9 Armour
 * Level 1.0 Dodging
 + Level 2.8 Shields


You had 2 spell levels left.
You didn't know any spells.
Your spell library was empty.

Dungeon Overview and Level Annotations

Branches:
Dungeon (2/15)

Altars:

Shops:
D:1 [


Innate Abilities, Weirdness & Mutations

A weak demonic guardian rushes to your aid.
You may rarely emit foul miasma when damaged in melee.


Message History

The adder barely misses you.
An adder is nearby!
You miss the adder. The adder bites you. x2
You are poisoned.
The adder poisons you!
An adder is nearby!
You closely miss the adder.
You feel sick. The adder bites you but does no damage.
An adder is nearby!
You slash the adder!
The adder is severely wounded.
You feel sick. You block the adder's attack. The adder barely misses you.
You closely miss the adder.
The adder is severely wounded.
You feel sick. The adder bites you but does no damage.
The adder barely misses you.
An adder is nearby!
You hit the adder.
The adder is almost dead.
You feel sick. The adder barely misses you.
An adder is nearby!
You hit the adder.
The adder is almost dead.
You feel sick.
You are no longer poisoned.
The adder bites you but does no damage. The adder closely misses you.
You closely miss the adder.
The adder is almost dead.
The adder bites you but does no damage. The adder closely misses you.
You slash the adder!
You kill the adder!
No target in view!
Unknown command.
No target in view!
No target in view!
Unknown command.
No target in view!
Unknown command.
No target in view!
Are you sure you want to abandon this character and quit the game? (Confirm with "yes".)

#.#.#.......##..# #
#.#.###...### ..#
#.#># #...####..#
#.#.# ######.....#
#.#.# #.#...#
####.#.# #.#.#.####
.....#.#
#####.#.......
.....#.#
#...#.....####
####.#.#
#..†..@.......
#.#.####..)###†......
#.........## .......
###..................
###################


There were no monsters in sight!

Vanquished Creatures
  An adder (D:2)
  A dart slug (D:1)
  6 bats
  An endoplasm (D:1)
  A giant cockroach (D:1)
  6 hobgoblins
  6 kobolds
  A quokka (D:1)
  2 ball pythons
  2 frilled lizards (D:1)
  A goblin (D:2)
  3 rats
31 creatures vanquished.

Notes
Turn   | Place    | Note
-------+----------+-------------------------------------------
     0 | D:1      | Morbidden the Demonspawn Fighter began the quest for the
                  | Orb.
     0 | D:1      | Reached XP level 1. HP: 18/18 MP: 1/1
    43 | D:1      | Found Juhairoja's Armour Shoppe.
    62 | D:1      | Gained mutation: You may rarely emit foul miasma when
                  | damaged in melee. [demonic ancestry]
    62 | D:1      | Reached XP level 2. HP: 14/24 MP: 2/2
   714 | D:2      | Gained mutation: A weak demonic guardian rushes to your
                  | aid. [demonic ancestry]
   714 | D:2      | Reached XP level 3. HP: 25/29 MP: 3/3
   810 | D:2      | Reached skill level 1 in Dodging
   824 | D:2      | Quit the game

Illustrated notes

Levels and vault maps discovered:
D:1:      heliophobic_arrival_henge, layout_rooms, serial_shops,
          nicolae_diamond_shop, hangedman_decor_lopped
D:2:      layout_loops_ring, basic_altar

Skill      XL: |  1  2  3 |
---------------+----------+-----
Long Blades    | 2 |  2.2
Dodging        | 1 |  1.0
Fighting       | |  3.6
Armour         | |  2.9
Shields        | |  2.8

Action                   || total
-------------------------++-------
Melee: Long sword        ||    80
Armor: Scale mail        ||    37
Dodge: Dodged            ||    44
Block: Buckler           ||    27
